 Dungeon Crawl Stone Soup version 0.18-a0-1507-g69458e0 (webtiles) character file.

54 GrosslyIncandescent the Insei (level 3, -3/29 HPs)
             Began as a Mummy Monk on Mar 5, 2016.
             Slain by a worm (11 damage)
             ... on level 3 of the Dungeon.
             The game lasted 00:02:20 (2289 turns).

GrosslyIncandescent the Insei (Mummy Monk)          Turns: 2289, Time: 00:02:21

Health: -3/29      AC:  0    Str: 14    XL:     3   Next: 66%
Magic:  3/3        EV: 16    Int:  9    God:
Gold:   82         SH:  0    Dex: 15    Spells: 0 memorised, 2 levels left

rFire  x . .     SeeInvis .       - Unarmed
rCold  + . .     Gourm    .     (no armour)
rNeg   + + +     Faith    .     (no shield)
rPois  ∞         Spirit   .     (no helmet)
rElec  .         Dismiss  .     (no cloak)
rCorr  .         Reflect  .     (no gloves)
SustAt +         Harm     .     (no boots)
MR     .....                    (no amulet)
Stlth  ++........               c - ring of sustain attributes
                                g - +3 ring of evasion

@: not resistant to hostile enchantments, unstealthy
A: no food or potions, fire vulnerability, cold resistance 1, negative energy
resistance 3, torment resistance, unbreathing
a: no special abilities


You were on level 3 of the Dungeon.
You were not hungry.

You visited 1 branch of the dungeon, and saw 3 of its levels.

You collected 82 gold pieces.


Innate Abilities, Weirdness & Mutations

You do not eat or drink.
Your flesh is vulnerable to fire.
You are immune to poison.
Your flesh is cold resistant.
You are immune to negative energy.
You are immune to unholy pain and torment.
You can survive without breathing.


   Skills:
 - Level 3.0 Fighting
 - Level 2.4 Dodging
 - Level 1.5 Stealth
 + Level 4.4 Unarmed Combat


You had 2 spell levels left.
You didn't know any spells.

Inventory:

Missiles
 b - a throwing net {=f}
Jewellery
 c - a ring of sustain attributes (right hand)
 g - a +3 ring of evasion (left hand)
Scrolls
 a - 2 scrolls of remove curse {unknown}
 d - 3 scrolls of identify {unknown}
 e - a scroll of teleportation {unknown}
 f - 3 scrolls of immolation {unknown}
 i - a scroll of recharging {unknown}
Books
 h - a book of Necromancy

   Spells                             Type                      Level
   a - Pain                           Necromancy                   1
   b - Animate Skeleton               Necromancy                   1
   c - Vampiric Draining              Necromancy                   3
   d - Regeneration                   Charms/Necromancy            3
   e - Animate Dead                   Necromancy                   4
   f - Control Undead                 Necromancy                   4

Dungeon Overview and Level Annotations

Branches:
Dungeon (3/15)

Altars:
Gozag
Trog
Zin

▒. ▒. ▒. ▒▒▒▒.
.... ▒▒▒..
▒▒▒...K▒▒▒▒▒▒▒▒
......KwM.....▒
▒▒▒.▒.▒▒▒.▒▒▒...
.. ▒▒...▒▒▒▒▒▒▒▒
▒..
▒....<....... ▒.
▒▒.?.▒▒▒▒▒▒▒▒ ▒
▒▒.▒▒ ▒.▒ ..▒
...l


You could see a worm and 2 kobolds.


Message History

You barely miss the giant cockroach! The giant cockroach bites you!
You closely miss the giant cockroach! The giant cockroach closely misses you!
You pound the giant cockroach into fine dust!
The giant cockroach is heavily wounded!
The giant cockroach closely misses you!
You squash the giant cockroach but do no damage!
The giant cockroach is heavily wounded!
The giant cockroach bites you!
You squash the giant cockroach like an ant!
You punch the giant cockroach, but do no damage!
The giant cockroach is almost dead!
The giant cockroach closely misses you!
You closely miss the giant cockroach!
The giant cockroach is almost dead!
The kobold shouts!!!
The giant cockroach completely misses you!
You squash the giant cockroach like an ant!
You annihilate the giant cockroach!!!
A kobold comes into view! It is wielding a short sword!
You completely miss the worm! You barely miss the worm! The worm misses you!
You pummel the worm but do no damage!
You squash the worm like an ant!
The worm is lightly wounded!
The worm bites you!!! * * * don't die
* * * You pulverise the worm!
The worm is moderately wounded!
The worm bites you!!! rip

Action                   || total
-------------------------++-------
Melee: Unarmed           ||   140
 Stab: Sleeping          ||     4

Vault maps used:
D:1:      dpeg_arrival_round_b, minmay_lizard_king
D:2:      grunt_temple_overflow_gold_and_silver, old_standard_altar
D:3:      cheibrodos_ashenzari_chains, cheibriados_altar_1,
          lightli_sewer_entry_pipes, bh_walls_and_bars

Notes
Turn   | Place    | Note
--------------------------------------------------------------
     0 | D:1      | GrosslyIncandescent the Mummy Monk began the quest for the Orb.
     0 | D:1      | Reached XP level 1. HP: 18/18 MP: 1/1
   550 | D:1      | Reached XP level 2. HP: 18/24 MP: 2/2
  1137 | D:2      | Reached skill level 4 in Unarmed Combat
  1399 | D:2      | Reached XP level 3. HP: 20/29 MP: 3/3
  1726 | D:2      | Found an opulent altar of Gozag.
  1726 | D:2      | Found a glowing silver altar of Zin.
  2150 | D:2      | Found a bloodstained altar of Trog.
  2289 | D:3      | Slain by a worm

Vanquished Creatures
  An adder (D:2)
  An ooze (D:2)
  A dart slug (D:2)
  2 giant geckos (D:1)
  2 giant cockroaches
  3 goblins
  4 hobgoblins
  3 jackals (D:2)
  A quokka (D:2)
  4 bats (D:2)
  11 giant newts (D:1)
  2 kobolds (D:2)
  3 rats
38 creatures vanquished.
